 Dungeon Crawl Stone Soup version 0.28.0 (webtiles) character file.

Game seed: 8612344883017732064

159 willcat the Sneak (level 5, -4/32 HPs)
             Began as a Kobold Delver on Feb 5, 2022.
             Slain by a wyvern zombie (10 damage)
             ... on level 5 of the Dungeon.
             The game lasted 00:01:00 (1516 turns).

willcat the Sneak (Kobold Delver)                   Turns: 1516, Time: 00:01:00

Health: -4/32      AC:  3    Str:  9    XL:     5   Next: 68%
Magic:  5/5        EV: 16    Int: 11    God:
Gold:   24         SH:  0    Dex: 19    Spells: 4/4 levels left

rFire   . . .      SeeInvis .   a - +0 short sword
rCold   . . .      Faith    .   (no shield)
rNeg    . . .      Spirit   .   b - +0 leather armour
rPois   .          Reflect  .   (no helmet)
rElec   .          Harm     .   (no cloak)
rCorr   .          Rampage  .   (no gloves)
Will    .....                   (no boots)
Stlth   +++++.....              (no amulet)
HPRegen 0.10/turn               (no ring)
MPRegen 0.09/turn               (no ring)

@: no status effects
A: small, no large weapons, nightstalker 3
a: no special abilities


You were on level 5 of the Dungeon.
You visited 1 branch of the dungeon, and saw 2 of its levels.

You collected 24 gold pieces.

Inventory:

Hand Weapons
 a - a +0 short sword (weapon)
Armour
 b - a +0 leather armour (worn)
Wands
 g - a wand of digging (3)
 h - a wand of charming (6)
Scrolls
 c - 2 scrolls of fog
 d - a scroll of magic mapping
 e - a scroll of fear
Potions
 f - a potion of haste


   Skills:
 - Level 3.2 Fighting
 + Level 4.6 Short Blades
 + Level 4.2 Dodging
 + Level 7.9 Stealth


You had 4 spell levels left.
You didn't know any spells.
Your spell library was empty.

Dungeon Overview and Level Annotations

Branches:
Dungeon (6/15)
 Temple: D:4-7

Altars:


Innate Abilities, Weirdness & Mutations

You are small and have problems with some larger weapons.
You are completely attuned to the shadows.


Message History

The wyvern zombie closely misses you.
You hit the wyvern zombie.
The wyvern zombie is moderately damaged.
The wyvern zombie misses you.
You hit the wyvern zombie.
The wyvern zombie is heavily damaged.
The wyvern zombie misses you. The wyvern zombie closely misses you.
You barely miss the wyvern zombie.
The wyvern zombie is heavily damaged.
The wyvern zombie misses you.
You hit the wyvern zombie but do no damage.
The wyvern zombie is heavily damaged.
The wyvern zombie bites you.
You hit the wyvern zombie but do no damage.
The wyvern zombie is heavily damaged.
The wyvern zombie bites you.
You hit the wyvern zombie.
The wyvern zombie is heavily damaged.
The wyvern zombie misses you.
You hit the wyvern zombie.
The wyvern zombie is heavily damaged.
The wyvern zombie bites you!
* * * LOW HITPOINT WARNING * * *
You are too injured to fight recklessly!
You are too injured to fight recklessly!
Unknown command.
The wyvern zombie closely misses you.
You climb downwards.
There is a stone staircase leading up here.
Unknown command.
You start resting.
HP restored.
You climb upwards.
The wyvern zombie bites you! x2
* * * LOW HITPOINT WARNING * * *
There is a stone staircase leading down, spattered with blood here.
Unknown command.
You are too injured to fight recklessly!
You are too injured to fight recklessly!
The wyvern zombie bites you!
You die...

...#####.........###.#
.#. #........##.# #.###
# #....######.# #...#
#^.##)## #.# ###.#
#..###.)#####.# #.#
...#.......##.# #[# ##
#..........#####.####
#.......#####.......###
#.....@Z# ##.........#.
#..>....# #............
#<......# #...........#
######## #...........#
##.........##
##...#...## #########


You could see a wyvern zombie.

Vanquished Creatures
  A water moccasin skeleton (D:5)
  2 centaur skeletons (D:5)
  A shadow imp (D:5)
  3 orcs (D:5)
7 creatures vanquished.

Vanquished Creatures (others)
  A water moccasin zombie (D:5)
1 creature vanquished.

Grand Total: 8 creatures vanquished

Notes
Turn   | Place    | Note
-------+----------+-------------------------------------------
     0 | D:5      | willcat the Kobold Delver began the quest for the Orb.
     0 | D:5      | Reached XP level 1. HP: 14/14 MP: 1/1
    51 | D:5      | Reached skill level 7 in Stealth
    51 | D:5      | Reached XP level 2. HP: 12/19 MP: 2/2
    51 | D:5      | Reached XP level 3. HP: 14/23 MP: 3/3
   381 | D:5      | Reached XP level 4. HP: 4/28 MP: 4/4
   658 | D:5      | Reached XP level 5. HP: 10/32 MP: 5/5
  1516 | D:5      | Slain by a wyvern zombie

Illustrated notes

Levels and vault maps discovered:
D:5:      layout_rooms, pdpol_wu_jian_five_deadly_venoms
D:6:      layout_basic, minmay_temple_entry_sparse_star, uniq_pikel,
          uniq_eustachio

Skill      XL: |  1  2  3  4 |
---------------+-------------+-----
Short Blades   | 3 4 |  4.6
Dodging        | 3 4 |  4.2
Stealth        | 7 |  7.9
Fighting       | |  3.2

Action                   |  1- 3 |  4- 6 || total
-------------------------+-------+-------++-------
Melee: Short sword       |    33 |    50 ||    83
Evoke: Wand              |     1 |       ||     1
 Stab: Sleeping          |     2 |     1 ||     3
Armor: Leather armour    |     2 |     2 ||     4
Dodge: Dodged            |    25 |    44 ||    69
